 Dungeon Crawl Stone Soup version 0.18-a0-912-g81d1dc4 (webtiles) character file.

2632 Duffy the Destroyer (level 9, -3/48 HPs)
             Began as a Deep Elf Conjurer on Dec 25, 2015.
             Was an Elder of Vehumet.
             Slain by a big kobold (4 damage)
             ... on level 9 of the Dungeon.
             The game lasted 00:12:52 (8213 turns).

Duffy the Destroyer (Deep Elf Conjurer)             Turns: 8213, Time: 00:12:52

Health: -3/48      AC:  6    Str:  5    XL:     9   Next: 35%
Magic:  9/33       EV: 13    Int: 24    God:    Vehumet [****..]
Gold:   271        SH:  0    Dex: 17    Spells: 5 memorised, 11 levels left

rFire  . . .     SeeInvis .     a - +8 spear of the Lonely Ships {pain, MP+9 Dex+2 Stlth+}
rCold  + . .     Gourm    .     k - +0 robe {rC+}
rNeg   . . .     Faith    +     (no shield)
rPois  .         Spirit   .     v - +0 helmet
rElec  .         Dismiss  .     s - +0 cloak
rCorr  .         Reflect  .     z - +0 pair of gloves
SustAt .         Harm     .     (no boots)
MR     .....                    E - amulet of faith
Stlth  ++++......               O - ring of wizardry
                                D - ring of stealth

@: not resistant to hostile enchantments, stealthy
A: shaggy fur 1
a: Renounce Religion


You were on level 9 of the Dungeon.
You worshipped Vehumet.
Vehumet was greatly pleased with you.
You were very hungry.

You visited 1 branch of the dungeon, and saw 9 of its levels.

You collected 271 gold pieces.


Innate Abilities, Weirdness & Mutations

You are covered in fur (AC +1).


   Skills:
 - Level 2.2 Fighting
 - Level 2.4 Dodging
 - Level 2.4 Stealth
 + Level 9.8 Spellcasting
 * Level 10.7 Conjurations
 - Level 4.0 Hexes
 - Level 4.2 Charms


You had 11 spell levels left.
You knew the following spells:

 Your Spells              Type           Power        Failure   Level  Hunger
a - Magic Dart            Conj           ####         1%          1    None
c - Iskenderun's Mystic   Conj           ######..     1%          4    #......
j - Iskenderun's Battles  Conj/Chrm      #####...     1%          5    ####...
l - Fulminant Prism       Conj/Hex       #####.....   1%          4    #......
s - Searing Ray           Conj           ######       1%          2    None

Inventory:

Hand Weapons
 a - the +8 spear of the Lonely Ships (weapon) {pain, MP+9 Dex+2 Stlth+} In the hands of one skilled in necromantic magic, it inflicts extra damage on living creatures. It affects your dexterity (+2). It affects your magic capacity (+9). It makes you more stealthy.
 n - a +0 dagger of venom
 K - the +12 trident "Kesh" {speed, +Blink rF+ Str-4 Int+3} Attacks with this weapon are significantly faster. It affects your strength (-4). It affects your intelligence (+3). It protects you from fire. It lets you blink.
Armour
 k - a +0 robe of cold resistance (worn)
 s - a +0 cloak (worn)
 v - a +0 helmet (worn)
 z - a +0 pair of gloves (worn)
Jewellery
 D - a ring of stealth (left hand)
 E - an amulet of faith (around neck)
 O - a ring of wizardry (right hand)
 Q - an uncursed ring of flight
Wands
 F - a wand of draining (8/15)
 J - a wand of flame (32/48)
 M - a wand of slowing (39/48)
Scrolls
 d - a scroll of noise {unknown}
 e - a scroll of fear {unknown}
 f - 4 scrolls of amnesia
 i - 2 scrolls of recharging
 j - 3 scrolls of teleportation
 l - 3 scrolls of blinking
 p - 2 scrolls of enchant weapon
 r - 2 scrolls of enchant armour {unknown}
 u - 2 scrolls of remove curse
 y - a scroll of random uselessness {unknown}
 C - a scroll of torment {unknown}
 G - a scroll of fog {unknown}
 I - a scroll of acquirement {unknown}
Potions
 h - 5 potions of curing
 o - 3 potions of might
 q - a potion of cure mutation
 t - a potion of berserk rage
 x - a potion of magic
 A - 3 potions of agility
 B - a potion of haste
 L - a potion of ambrosia
 P - a potion of resistance {unknown}
Books
 b - a book of Conjurations
 H - a book of Maledictions
Comestibles
 c - 4 bread rations
 g - 8 meat rations
 m - 7 fruits
 w - a beef jerky

Dungeon Overview and Level Annotations

Branches:
Dungeon (9/15)             Temple (0/1) D:5
   Lair: D:8-11         Orc: D:9-12

Altars:
Cheibriados
Dithmenos
Elyvilon
Gozag
Makhleb
Nemelex Xobeh
Ru
Sif Muna
Vehumet
Yredelemnul

Annotations:
D:8 root's ghost, novice DsGl


Message History

The orb of energy hits the orc warrior.
You kill the orc warrior!
Vehumet accepts your kill.
You feel your power returning.
The orb of energy explodes!
The mystic blast hits the big kobold.
The big kobold is moderately wounded.
You hear a shout!
The big kobold closely misses you.
Things that are here:
4 stones; a short sword
There is a stone staircase leading up here.
Cast which spell? (? or * to list)
Aiming: Iskenderun's Mystic Blast
Press: ? - help, Shift-Dir - straight line, f - big kobold
Aim: a big kobold (moderately wounded)
The orb of energy hits the big kobold.
The big kobold is severely wounded.
The orb of energy explodes!
The big kobold hits you.
Cast which spell? (? or * to list)
Aiming: Iskenderun's Mystic Blast
Press: ? - help, Shift-Dir - straight line, f/p - big kobold
Aim: a big kobold (severely wounded)
The orb of energy misses the big kobold.
The orb of energy explodes!
The mystic blast hits the orc.
You kill the orc!
Vehumet accepts your kill.
You feel your power returning. The big kobold hits you.
Cast which spell? (? or * to list)
Aiming: Magic Dart
Press: ? - help, Shift-Dir - straight line, f/p - big kobold
Aim: a big kobold (severely wounded)
The magic dart hits the big kobold.
The big kobold is severely wounded.
The crimson imp blinks!
The big kobold hits you.
You die...

#########
#.!..@K.#
#.#####o#
.)# ..)#
#..5.
#.o#) ...
.> ...#
.#


You could see a big kobold and an orc.

Action                   |  1- 3 |  4- 6 |  7- 9 || total
-------------------------+-------+-------+-------++-------
 Cast: Magic Dart        |    75 |    79 |   235 ||   389
       Searing Ray       |     2 |     9 |    17 ||    28
       Fulminant Prism   |       |     3 |     2 ||     5
       Iskenderun's Batt |       |       |    16 ||    16
       Iskenderun's Myst |       |       |     8 ||     8
  Use: Scroll            |       |     8 |     8 ||    16
       Potion            |       |     1 |       ||     1
  Eat: Chunk             |     3 |     5 |    15 ||    23
       Fruit             |       |       |     2 ||     2

Notes
Turn   | Place    | Note
--------------------------------------------------------------
     0 | D:1      | Duffy the Deep Elf Conjurer began the quest for the Orb.
     0 | D:1      | Reached XP level 1. HP: 10/10 MP: 6/6
     1 | D:1      | Noticed an electric eel
   173 | D:1      | Reached XP level 2. HP: 15/15 MP: 2/8
   688 | D:1      | Learned a level 2 spell: Searing Ray
   735 | D:2      | Found a radiant altar of Vehumet.
   741 | D:2      | Became a worshipper of Vehumet
   779 | D:2      | Reached skill level 5 in Conjurations
  1008 | D:2      | Found a basalt altar of Yredelemnul.
  1082 | D:2      | Reached XP level 3. HP: 19/19 MP: 8/10
  1164 | D:2      | Reached skill level 4 in Spellcasting
  1779 | D:2      | Reached * piety under Vehumet
  1779 | D:2      | Offered knowledge of Shock by Vehumet.
  1852 | D:2      | Found a white marble altar of Elyvilon.
  1857 | D:2      | Reached XP level 4. HP: 24/24 MP: 10/12
  2205 | D:2      | Learned a level 4 spell: Iskenderun's Mystic Blast
  2210 | D:2      | Learned a level 4 spell: Fulminant Prism
  2351 | D:3      | Reached skill level 1 in Hexes
  2948 | D:3      | Reached skill level 5 in Spellcasting
  3113 | D:3      | Offered knowledge of Throw Frost by Vehumet.
  3254 | D:3      | Reached ** piety under Vehumet
  3254 | D:3      | Reached XP level 5. HP: 28/28 MP: 11/14
  3324 | D:3      | Gained mutation: You are covered in fur (AC +1). [potion of beneficial mutation]
  3355 | D:4      | Reached skill level 2 in Hexes
  3360 | D:4      | Reached skill level 3 in Hexes
  3428 | D:3      | Reached skill level 6 in Conjurations
  3428 | D:3      | Reached XP level 6. HP: 8/32 MP: 12/16
  3751 | D:4      | Reached skill level 6 in Spellcasting
  3979 | D:4      | Reached XP level 7. HP: 36/36 MP: 14/19
  4054 | D:4      | Reached skill level 7 in Spellcasting
  4140 | D:4      | Found a sparkling altar of Nemelex Xobeh.
  4149 | D:4      | Reached skill level 4 in Hexes
  4162 | D:4      | Learned a level 5 spell: Iskenderun's Battlesphere
  4313 | D:4      | Found a burning altar of Makhleb.
  4358 | D:4      | Reached skill level 7 in Conjurations
  4358 | D:4      | Reached skill level 1 in Charms
  4536 | D:4      | Offered knowledge of Mephitic Cloud by Vehumet.
  4764 | D:4      | Reached skill level 2 in Charms
  4850 | D:4      | Found a sacrificial altar of Ru.
  5047 | D:5      | Entered Level 5 of the Dungeon
  5112 | D:5      | Found a staircase to the Ecumenical Temple.
  5143 | D:5      | Reached *** piety under Vehumet
  5376 | D:5      | Reached skill level 3 in Charms
  5435 | D:5      | Found a snail-covered altar of Cheibriados.
  5696 | D:5      | Found a deep blue altar of Sif Muna.
  5799 | D:6      | Reached skill level 8 in Conjurations
  5799 | D:6      | Reached XP level 8. HP: 41/41 MP: 12/21
  5859 | D:6      | Reached skill level 4 in Charms
  6133 | D:6      | Offered knowledge of Olgreb's Toxic Radiance by Vehumet.
  6133 | D:6      | Reached skill level 8 in Spellcasting
  6137 | D:6      | Got a steaming spear
  6138 | D:6      | Identified the +8 spear of the Lonely Ships {pain, MP+9 Dex+2 Stlth+} (You found it on level 6 of the Dungeon)
  6329 | D:6      | Reached skill level 1 in Fighting
  6376 | D:6      | Reached skill level 9 in Conjurations
  6599 | D:6      | Found a shadowy altar of Dithmenos.
  6661 | D:6      | Reached **** piety under Vehumet
  6708 | D:6      | Got a brightly glowing trident
  6709 | D:6      | Identified the +12 trident "Kesh" {speed, +Blink rF+ Str-4 Int+3} (You found it on level 6 of the Dungeon)
  6818 | D:6      | Reached skill level 2 in Fighting
  6915 | D:6      | Reached skill level 9 in Spellcasting
  7108 | D:7      | Offered knowledge of Fireball by Vehumet.
  7174 | D:7      | Reached XP level 9. HP: 48/48 MP: 24/24
  7221 | D:7      | Found an opulent altar of Gozag.
  7229 | D:7      | Reached skill level 10 in Conjurations
  7979 | D:8      | Noticed root's ghost (novice DsGl)
  8213 | D:9      | Slain by a big kobold

Vault maps used:
D:1:      arrival_aquarium_a
D:2:      marbit_many_paths, old_standard_altar, nicolae_overflow_crystal_walls,
          grunt_ministairs_12
D:4:      kennysheep_little_box, lemuel_doored_altar,
          nicolae_ru_sacrificial_ziggurat, first_bread
D:5:      cheibriados_altar_1, kennysheep_mini_moat, minmay_temple_entry_statues
D:6:      nicolae_dithmenos_through_a_glass_darkly
D:7:      old_standard_altar
D:8:      grunt_livestock, lightli_orcish_oven
D:9:      grunt_pakellas_basics, trog_ov_bears_minmay,
          gammafunk_temple_overflow_forgotten, basic_altar, uniq_erolcha

Vanquished Creatures
  A hippogriff
  2 orc warriors
  An ice beast
  2 ogres
  A phantom
  A centaur
  3 giant frogs
  2 scorpions
  5 wights
  2 centaur zombies
  4 crimson imps
  A gnoll shaman
  A hound
  11 orc wizards
  5 orc priests
  2 iguanas
  3 jellies
  4 worker ants
  A giant frog skeleton
  A quasit
  A hound zombie
  2 hound skeletons
  2 worker ant zombies
  7 adders
  4 gnolls
  A shadow imp
  An ooze
  An adder zombie
  5 worms
  5 giant geckos
  33 orcs
  9 bats
  10 goblins
  11 hobgoblins
  15 jackals
  15 kobolds
  3 quokkas
  3 ball pythons
  3 giant cockroaches
  5 giant newts
  A quokka zombie
  8 rats
  5 fulminant prisms
203 creatures vanquished.
